 Dungeon Crawl Stone Soup version 0.27.1 (webtiles) character file.

Game seed: 12974291349460274709

86 funkygono the Firebug (level 4, 0/24 HPs)
             Began as a Gargoyle Fire Elementalist on Aug 31, 2021.
             Slain by a phantom (7 damage)
             ... on level 2 of the Dungeon.
             The game lasted 00:04:19 (2844 turns).

funkygono the Firebug (Gargoyle Fire Elementalist)  Turns: 2844, Time: 00:04:20

Health: 0/24       AC:  5    Str: 11    XL:     4   Next: 49%
Magic:  0/8        EV: 12    Int: 17    God:
Gold:   57         SH:  0    Dex: 10    Spells: 1/9 levels left

rFire    . . .     SeeInvis .   b - +0 whip
rCold    . . .     Faith    .   (no shield)
rNeg     + . .     Spirit   .   a - +0 robe
rPois    ∞         Reflect  .   (no helmet)
rElec    +         Harm     .   (no cloak)
rCorr    .         Rampage  .   (no gloves)
Will     .....                  (no boots)
Stlth    ++........             (no amulet)
HPRegen  0.08/turn              (no ring)
MPRegen  0.11/turn              (no ring)

@: no status effects
A: sickness immunity, AC +3, negative energy resistance 1, electricity
resistance, torment resistance 1, petrification resistance
a: no special abilities


You were on level 2 of the Dungeon.
You visited 1 branch of the dungeon, and saw 3 of its levels.

You collected 57 gold pieces.

Inventory:

Hand Weapons
 b - a +0 whip (weapon)
 l - a +2 whip of distortion
Missiles
 d - 121 stones
Armour
 a - a +0 robe (worn)
Scrolls
 c - a scroll of amnesia
 f - a scroll of immolation
Potions
 e - a potion of might {unknown}
 g - a potion of degeneration {unknown}
 h - a potion of ambrosia {unknown}
 k - a potion of magic {unknown}


   Skills:
 + Level 1.7 Dodging
 - Level 2.1 Stealth
 * Level 3.0 Spellcasting
 * Level 2.2 Conjurations
 * Level 3.9 Fire Magic


You had one spell level left.
You knew the following spells:

 Your Spells              Type           Power      Damage    Failure   Level
a - Foxfire               Conj/Fire      52%        2x1d6     4%          1
b - Conjure Flame         Conj/Fire      13%        6-21      14%         3
c - Sticky Flame          Conj/Fire      13%        2d4       43%         4

Your spell library contained the following spells:

 Spells                   Type           Power      Damage    Failure   Level
 Inner Flame              Hex/Fire       9%         N/A       24%         3
 Fireball                 Conj/Fire      6%         3d5       80%         5


Dungeon Overview and Level Annotations

Branches:
Dungeon (3/15)

Altars:


Innate Abilities, Weirdness & Mutations

You are immune to sickness and miasma.
Your stone body is resilient. (AC +3)
You are immune to poison.
You resist negative energy. (rN+)
You are resistant to electric shocks. (rElec)
You are resistant to unholy torment.
You are immune to petrification.


Message History

Confirm with . or Enter, or press ? or * to list all spells.
You conjure some foxfire!
The foxfire hits the phantom.
The phantom is heavily damaged.
The foxfire hits the phantom.
The phantom is heavily damaged.
The phantom hits you but does no damage.
Casting: Foxfire (safe; 4% risk of failure)
Confirm with . or Enter, or press ? or * to list all spells.
You conjure some foxfire!
The foxfire hits the phantom.
The phantom is severely damaged.
The foxfire hits the phantom but does no damage.
The phantom is severely damaged.
The phantom hits you.
The phantom blinks!
You blink.
Casting: Foxfire (safe; 4% risk of failure)
Confirm with . or Enter, or press ? or * to list all spells.
You conjure some foxfire!
The phantom hits you but does no damage.
The foxfire hits the phantom.
The phantom is severely damaged.
The foxfire hits the phantom.
The phantom is severely damaged.
Casting: Foxfire (safe; 4% risk of failure)
Confirm with . or Enter, or press ? or * to list all spells.
You conjure some foxfire!
The foxfire hits the phantom.
The phantom is severely damaged.
The foxfire hits the phantom.
The phantom is almost destroyed.
The phantom hits you.
* * * LOW HITPOINT WARNING * * *
Casting: Foxfire (safe; 4% risk of failure)
Confirm with . or Enter, or press ? or * to list all spells.
You don't have enough magic to cast this spell.
You closely miss the phantom.
The phantom is almost destroyed.
The foxfire hits the phantom.
The phantom is almost destroyed.
The foxfire hits the phantom.
The phantom is almost destroyed.
The phantom hits you!
You die...

###.####
#.###.##.###.##..# #.#
#...>..^.....##..# #.#
#####.##.######..# #.#
##'##.......... #.####
##...########### #....#
##.....## ###. ####.##
##.......######...
##...####.........##......
#.......+@W.......+.......
##...####.........##.#....
##..# ##.......###.##.##
##.# ##.....## #...... #.#
##...## ######. #.# ##+##
#. #.# #.# #.
#.########.####### #.
#................#####.


You could see a phantom.

Vanquished Creatures
  2 adders (D:2)
  A worm (D:2)
  2 dart slugs (D:2)
  3 endoplasms (D:1)
  3 giant cockroaches
  12 goblins
  4 hobgoblins
  5 jackals
  4 quokkas
  5 ball pythons
  4 bats
  A frilled lizard (D:1)
  5 kobolds
  5 rats
56 creatures vanquished.

Vanquished Creatures (others)
  164 foxfires
164 creatures vanquished.

Grand Total: 220 creatures vanquished

Notes
Turn   | Place    | Note
-------+----------+-------------------------------------------
     0 | D:1      | funkygono the Gargoyle Fire Elementalist began the quest
                  | for the Orb.
     0 | D:1      | Reached XP level 1. HP: 10/10 MP: 3/3
   150 | D:1      | Reached XP level 2. HP: 15/15 MP: 3/5
   796 | D:1      | Reached XP level 3. HP: 19/19 MP: 3/6
   801 | D:1      | Learned a level 3 spell: Conjure Flame
  1808 | D:2      | Reached XP level 4. HP: 24/24 MP: 1/8
  2775 | D:2      | Learned a level 4 spell: Sticky Flame
  2830 | D:3      | Noticed a phantom
  2844 | D:2      | Slain by a phantom

Illustrated notes

Levels and vault maps discovered:
D:1:      noname_arrival_rooms_in_the_neighbourhood, layout_basic
D:2:      layout_loops_corners, minmay_ruptured
D:3:      layout_basic, hellmonk_ecumenical_altar_arch_garden

Skill      XL: |  1  2  3  4 |
---------------+-------------+-----
Spellcasting   | 3 |  3.0
Conjurations   | 2 |  2.2
Dodging        | |  1.7
Stealth        | |  2.1
Fire Magic     | |  3.9

Action                   |  1- 3 |  4- 6 || total
-------------------------+-------+-------++-------
Melee: Whip              |     1 |     1 ||     2
 Cast: Foxfire           |    61 |    36 ||    97
  Use: Scroll            |     1 |     3 ||     4
Armor: Robe              |     6 |     7 ||    13
Dodge: Dodged            |     3 |     5 ||     8
